[Event "CAT-chT Honor Division 2019"]
[Site "Catalonia"]
[Date "2019.01.26"]
[Round "2"]
[White "Rovira Vila, Jaume"]
[Black "Llaneza Vega, Patricia"]
[Result "1/2-1/2"]
[ECO "B01"]
[WhiteElo "2074"]
[BlackElo "2139"]
[Annotator "NA"]
[PlyCount "87"]
[EventDate "2019.01.16"]
[EventType "team-tourn"]
[EventCountry "ESP"]
[SourceTitle "playchess.com"]
[Source "ChessBase"]
[SourceQuality "1"]
[WhiteTeam "Gerunda"]
[BlackTeam "Foment"]
[TimeControl "5400+30"]

1. e4 d5 2. exd5 Qxd5 3. Nc3 Qa5 4. d4 Nf6 5. a3 e5 6. Nf3 exd4 7. Nxd4 Bg4 8. Be2 Qe5 9. Be3 Bxe2 10. Qxe2 Nc6 11. Nxc6 bxc6 12. Qc4 Qe6 13. Qxe6+ fxe6 14. O-O-O Bd6 15. f3 O-O 16. Kb1 Nd5 17. Bd2 Rab8 18. Ka2 Bf4 19. Bxf4 Nxc3+ 20. bxc3 Rxf4 21. Rb1 Rb5 22. Rhd1 Rd5 23. Rd3 Rc4 24. Rb8+ Kf7 25. Kb3 Rh4 26. h3 Ke7 27. Rb4 Rxb4+ 28. cxb4 Re5 29. Rd2 Re3+ 30. c3 a6 31. Kc4 Re5 32. a4 g5 33. a5 h5 34. Kd4 Rd5+ 35. Ke3 Rb5 36. Kd3 c5 37. Kc4 cxb4 38. cxb4 Re5 39. Rb2 Kd6 40. Rd2+ Ke7 41. Rc2 Kd6 42. Kd4 Rd5+ 43. Ke4 Re5+ 44. Kd4 {[%emt 0:01:57] Kd5+} 1/2-1/2

[Event "CAT-chT Honor Division 2019"]
[Site "Catalonia"]
[Date "2019.01.26"]
[Round "2"]
[White "Valencia Jimenez, Jose"]
[Black "Martinez Ramirez, Erik"]
[Result "1/2-1/2"]
[ECO "A45"]
[WhiteElo "2058"]
[BlackElo "2222"]
[Annotator "NA"]
[PlyCount "86"]
[EventDate "2019.01.16"]
[EventType "team-tourn"]
[EventCountry "ESP"]
[SourceTitle "playchess.com"]
[Source "ChessBase"]
[SourceQuality "1"]
[WhiteTeam "Cerdanyola Valles"]
[BlackTeam "Barbera"]
[TimeControl "5400+30"]

1. d4 Nf6 2. Bg5 Ne4 3. Bf4 d5 4. f3 Nf6 5. Nc3 Bf5 6. e3 e6 7. Bd3 Nh5 8. Bg3 Nxg3 9. hxg3 Bd6 10. Nge2 c6 11. g4 Bxd3 12. Qxd3 Qg5 13. Rh5 Qg6 14. Qxg6 fxg6 15. Rh3 g5 16. O-O-O Nd7 17. f4 Nf6 18. fxg5 Nxg4 19. Rdh1 Kf7 20. Kd2 Kg6 21. Rh4 Kxg5 22. Rxh7 Rxh7 23. Rxh7 Rg8 24. Rh3 Rf8 25. Rf3 Rxf3 26. gxf3 Nh2 27. f4+ Kg4 28. Kd3 b6 29. Nd1 Nf1 30. a3 Be7 31. c4 Bh4 32. cxd5 exd5 33. e4 dxe4+ 34. Kxe4 g6 35. Ne3+ Nxe3 36. Kxe3 Kf5 37. Kf3 Be1 38. a4 b5 39. b3 bxa4 40. bxa4 a5 41. Nc1 Bd2 42. Ne2 Be1 43. Nc1 Bd2 1/2-1/2

[Event "CAT-chT Honor Division 2019"]
[Site "Catalonia"]
[Date "2019.02.02"]
[Round "3"]
[White "Sosa, Tomas"]
[Black "Diaz Camallonga, Carles"]
[Result "1/2-1/2"]
[ECO "C07"]
[WhiteElo "2499"]
[BlackElo "2432"]
[Annotator "RC"]
[PlyCount "61"]
[EventDate "2019.01.16"]
[EventType "team-tourn"]
[EventCountry "ESP"]
[SourceTitle "playchess.com"]
[Source "ChessBase"]
[SourceQuality "1"]
[WhiteTeam "Mollet"]
[BlackTeam "Colon Sabadell"]
[TimeControl "5400+30"]

1. e4 e6 2. d4 d5 3. Nd2 c5 4. exd5 Qxd5 5. Ngf3 cxd4 6. Bc4 Qd6 7. O-O Nf6 8. Nb3 Nc6 9. Nbxd4 Nxd4 10. Nxd4 Be7 11. b3 O-O 12. Bb2 Qf4 13. Qc1 Qxc1 14. Raxc1 Rd8 15. Rcd1 Bd7 16. Be2 Rac8 17. c4 a5 18. Bf3 b6 19. g3 a4 20. h4 Kf8 21. Bb7 Rc7 22. Bg2 Be8 23. Nf3 Rxd1 24. Rxd1 b5 25. Ne5 axb3 26. axb3 bxc4 27. bxc4 Bc5 28. Nd3 Be7 29. Ne5 Bc5 30. Nd3 Be7 31. Ne5 1/2-1/2

[Event "CAT-chT Honor Division 2019"]
[Site "Catalonia"]
[Date "2019.02.02"]
[Round "3"]
[White "Rios, Cristhian Camilo"]
[Black "Lorenzo De La Riva, Lazaro"]
[Result "1-0"]
[ECO "E90"]
[WhiteElo "2482"]
[BlackElo "2397"]
[Annotator "RC"]
[PlyCount "99"]
[EventDate "2019.01.16"]
[EventType "team-tourn"]
[EventCountry "ESP"]
[SourceTitle "playchess.com"]
[Source "ChessBase"]
[SourceQuality "1"]
[WhiteTeam "Mollet"]
[BlackTeam "Colon Sabadell"]
[TimeControl "5400+30"]

1. d4 Nf6 2. c4 g6 3. Nc3 Bg7 4. e4 d6 5. Nf3 O-O 6. h3 e5 7. d5 a5 8. Be3 Na6 9. g4 Nd7 10. a3 Ndc5 11. b4 Nd7 12. Rb1 Re8 13. Be2 Nab8 14. c5 axb4 15. axb4 Bf8 16. Na4 Nf6 17. Nd2 Bd7 18. Nc3 c6 19. Nc4 cxd5 20. exd5 dxc5 21. bxc5 Na6 22. g5 Nh5 23. Bxh5 gxh5 24. Ne4 Bf5 25. Nf6+ Kh8 26. d6 Bg7 27. Nxe8 Qxe8 28. d7 Bxd7 29. Nd6 Qe6 30. Qb3 Qxb3 31. Rxb3 Bc6 32. O-O Kg8 33. Nxb7 Bf8 34. Ra1 Nxc5 35. Rxa8 Nxb3 36. Rb8 Nd4 37. Nd6 Kg7 38. Bxd4 Bxd6 39. Rd8 Bc7 40. Rc8 exd4 41. Rxc7 Bb5 42. Rc5 Be2 43. Rd5 d3 44. f4 h4 45. Rd6 Kf8 46. Kf2 Kg8 47. Rh6 Kg7 48. Rxh4 Kg6 49. Rh6+ Kf5 50. Ke3 1-0

[Event "CAT-chT Honor Division 2019"]
[Site "Catalonia"]
[Date "2019.02.02"]
[Round "3"]
[White "Fluvia Poyatos, Joan"]
[Black "Alonso Bouza, Julio Javier"]
[Result "1-0"]
[ECO "A05"]
[WhiteElo "2475"]
[BlackElo "2398"]
[Annotator "RC"]
[PlyCount "129"]
[EventDate "2019.01.16"]
[EventType "team-tourn"]
[EventCountry "ESP"]
[SourceTitle "playchess.com"]
[Source "ChessBase"]
[SourceQuality "1"]
[WhiteTeam "Sant Josep Badalona"]
[BlackTeam "Cerdanyola"]
[TimeControl "5400+30"]

1. Nf3 Nf6 2. g3 g6 3. Bg2 Bg7 4. O-O O-O 5. d4 d6 6. a4 a5 7. Nbd2 Nc6 8. c3 e5 9. dxe5 dxe5 10. Qc2 h6 11. b3 e4 12. Nd4 Nxd4 13. cxd4 Qxd4 14. Bb2 Qb6 15. Nxe4 Nxe4 16. Bxe4 Bxb2 17. Qxb2 Bh3 18. Rfc1 Rad8 19. Qc3 Rfe8 20. Bf3 Be6 21. Rab1 c6 22. b4 axb4 23. Rxb4 Qa7 24. Rcb1 Qa5 25. Qc1 Bf5 26. e4 Bc8 27. Qxh6 c5 28. Rb5 Qxa4 29. Rxc5 Qa3 30. Qe3 Qxe3 31. fxe3 Rd3 32. Re1 Rb3 33. Kf2 b6 34. Rc7 Ba6 35. Rec1 Rb2+ 36. R1c2 Rxc2+ 37. Rxc2 Bd3 38. Rb2 Bxe4 39. Rxb6 Bxf3 40. Kxf3 Ra8 41. h4 Ra1 42. Rb2 Rf1+ 43. Rf2 Ra1 44. Kg2 Re1 45. Kf3 Ra1 46. Re2 Rf1+ 47. Kg2 Ra1 48. g4 Kg7 49. Rf2 Re1 50. Rf3 Ra1 51. Rh3 Re1 52. Kf2 Ra1 53. Kg2 Re1 54. h5 gxh5 55. gxh5 Ra1 56. Kf3 Rf1+ 57. Ke4 f5+ 58. Ke5 Kh6 59. Rh4 Rf3 60. Kd4 Kg5 61. h6 Kxh4 62. h7 Rh3 63. h8=Q+ Kg4 64. Qg7+ Kf3 65. Qg5 1-0

[Event "CAT-chT Honor Division 2019"]
[Site "Catalonia"]
[Date "2019.02.02"]
[Round "3"]
[White "Perez Mitjans, Orelvis"]
[Black "Guerra Mendez, Jose Angel"]
[Result "1/2-1/2"]
[ECO "C84"]
[WhiteElo "2377"]
[BlackElo "2531"]
[Annotator "RC"]
[PlyCount "48"]
[EventDate "2019.01.16"]
[EventType "team-tourn"]
[EventCountry "ESP"]
[SourceTitle "playchess.com"]
[Source "ChessBase"]
[SourceQuality "1"]
[WhiteTeam "Sant Josep Badalona"]
[BlackTeam "Cerdanyola"]
[TimeControl "5400+30"]

1. e4 e5 2. Nf3 Nc6 3. Bb5 a6 4. Ba4 Nf6 5. O-O Be7 6. d3 b5 7. Bb3 d6 8. a3 O-O 9. Nc3 Bg4 10. Be3 Nd4 11. Bxd4 exd4 12. Nd5 c5 13. a4 Be6 14. Nxe7+ Qxe7 15. Bxe6 Qxe6 16. Qd2 Qd7 17. axb5 axb5 18. Ra5 b4 19. Rfa1 Qb7 20. b3 Rxa5 21. Rxa5 Ra8 22. Rxa8+ Qxa8 23. h3 Ne8 24. e5 Qd8 1/2-1/2

[Event "CAT-chT Honor Division 2019"]
[Site "Catalonia"]
[Date "2019.02.02"]
[Round "3"]
[White "Alonso Garcia, Rene Marcial"]
[Black "Panelo, Marcelo"]
[Result "1/2-1/2"]
[ECO "E11"]
[WhiteElo "2348"]
[BlackElo "2366"]
[Annotator "NA RC"]
[PlyCount "29"]
[EventDate "2019.01.16"]
[EventType "team-tourn"]
[EventCountry "ESP"]
[SourceTitle "playchess.com"]
[Source "ChessBase"]
[SourceQuality "1"]
[WhiteTeam "Cerdanyola"]
[BlackTeam "Sant Josep Badalona"]
[TimeControl "5400+30"]

1. d4 Nf6 2. Nf3 e6 3. c4 Bb4+ 4. Nbd2 O-O 5. a3 Be7 6. e4 d6 7. Be2 c5 8. d5 e5 9. Qc2 g6 10. Nf1 Nh5 11. Bh6 Re8 12. g3 f5 13. N3d2 Bg5 14. Bxg5 Qxg5 15. h4 1/2-1/2

[Event "CAT-chT Honor Division 2019"]
[Site "Catalonia"]
[Date "2019.02.02"]
[Round "3"]
[White "Bofill Mas, Alejandro"]
[Black "Fernandez Diaz, Cristian"]
[Result "0-1"]
[ECO "A20"]
[WhiteElo "2324"]
[BlackElo "2224"]
[Annotator "NA RC"]
[PlyCount "88"]
[EventDate "2019.01.16"]
[EventType "team-tourn"]
[EventCountry "ESP"]
[SourceTitle "playchess.com"]
[Source "ChessBase"]
[SourceQuality "1"]
[WhiteTeam "Colon Sabadell"]
[BlackTeam "Mollet"]
[TimeControl "5400+30"]

1. c4 e5 2. g3 Nf6 3. Bg2 c6 4. d4 Bb4+ 5. Bd2 Bxd2+ 6. Qxd2 exd4 7. Qxd4 d5 8. cxd5 cxd5 9. Nf3 Nc6 10. Qa4 Qb6 11. Nbd2 O-O 12. O-O Bf5 13. Qb3 Qa6 14. e3 Rad8 15. Rfd1 Ne4 16. Bf1 Qa5 17. Qxb7 Rc8 18. Nb3 Qd8 19. Nfd4 Qf6 20. f3 Nd6 21. Qa6 Ne5 22. Qe2 Nec4 23. Qf2 Bg6 24. Rac1 Rfe8 25. Rc3 a5 26. Bxc4 Nxc4 27. Rdc1 Rb8 28. Rxc4 dxc4 29. Rxc4 Qa6 30. Rc3 Rec8 31. Qd2 a4 32. Na5 Rxc3 33. Qxc3 a3 34. b4 h5 35. b5 Qd6 36. Nac6 Rb6 37. e4 f6 38. Kg2 Bf7 39. Nf5 Qd7 40. Qc5 Qd2+ 41. Kh3 Qe2 42. Nh6+ Kh7 43. Nxf7 Qf1+ 44. Kh4 Rxb5 0-1

[Event "CAT-chT Honor Division 2019"]
[Site "Catalonia"]
[Date "2019.02.02"]
[Round "3"]
[White "Bru Rullo, Llatzer"]
[Black "Gutierrez Clares, Joaquim"]
[Result "1/2-1/2"]
[ECO "A40"]
[WhiteElo "2298"]
[BlackElo "2250"]
[Annotator "NA RC"]
[PlyCount "23"]
[EventDate "2019.01.16"]
[EventType "team-tourn"]
[EventCountry "ESP"]
[SourceTitle "playchess.com"]
[Source "ChessBase"]
[SourceQuality "1"]
[WhiteTeam "Cerdanyola"]
[BlackTeam "Sant Josep Badalona"]
[TimeControl "5400+30"]

1. d4 Nf6 2. c4 g6 3. Nc3 Bg7 4. e4 d6 5. Nf3 O-O 6. h3 Na6 7. Be3 e5 8. d5 Nc5 9. Nd2 a5 10. g4 Nfd7 11. Rg1 c6 12. a3 1/2-1/2

[Event "CAT-chT Honor Division 2019"]
[Site "Catalonia"]
[Date "2019.02.02"]
[Round "3"]
[White "Garcia Ramos, Daniel"]
[Black "Montilla Carrillo, Esteban"]
[Result "1-0"]
[ECO "C54"]
[WhiteElo "2282"]
[BlackElo "2177"]
[Annotator "NA RC"]
[PlyCount "93"]
[EventDate "2019.01.16"]
[EventType "team-tourn"]
[EventCountry "ESP"]
[SourceTitle "playchess.com"]
[Source "ChessBase"]
[SourceQuality "1"]
[WhiteTeam "Colon Sabadell"]
[BlackTeam "Mollet"]
[TimeControl "5400+30"]

1. e4 e5 2. Nf3 Nc6 3. Bc4 Bc5 4. c3 Nf6 5. d4 exd4 6. e5 d5 7. Bb5 Ne4 8. cxd4 Bb6 9. Nc3 O-O 10. Be3 Bg4 11. h3 Bh5 12. O-O f5 13. exf6 Nxc3 14. bxc3 Qxf6 15. Be2 h6 16. a4 Rad8 17. Re1 Bxf3 18. Bxf3 Na5 19. Qd3 c6 20. Ra2 Bc7 21. Bd1 Rde8 22. Rae2 Re6 23. Bc2 Rfe8 24. Bc1 Rxe2 25. Rxe2 Rxe2 26. Qxe2 Kf8 27. Qg4 Bd6 28. g3 Ke7 29. Kg2 Kd8 30. h4 Nc4 31. Bd3 b5 32. Qh5 Qe6 33. axb5 cxb5 34. Bf5 Qf6 35. Bg4 Nb6 36. Bf3 Qe6 37. Bd2 Bf8 38. Be2 Nc4 39. Bf4 g6 40. Qf3 Bg7 41. Bd3 Ke7 42. Bc1 a5 43. Qf4 b4 44. Qc7+ Kf6 45. Bg5+ hxg5 46. hxg5+ Kxg5 47. Qf4+ 1-0

[Event "CAT-chT Honor Division 2019"]
[Site "Catalonia"]
[Date "2019.02.02"]
[Round "3"]
[White "Castrillon Gomez, Melissa"]
[Black "Ortega Serra, Marc"]
[Result "1-0"]
[ECO "A46"]
[WhiteElo "2231"]
[BlackElo "2352"]
[Annotator "NA RC"]
[PlyCount "141"]
[EventDate "2019.01.16"]
[EventType "team-tourn"]
[EventCountry "ESP"]
[SourceTitle "playchess.com"]
[Source "ChessBase"]
[SourceQuality "1"]
[WhiteTeam "Sant Josep Badalona"]
[BlackTeam "Cerdanyola"]
[TimeControl "5400+30"]

1. d4 Nf6 2. Nf3 d5 3. c4 e6 4. g3 Be7 5. Bg2 O-O 6. O-O dxc4 7. Qc2 a6 8. Qxc4 b5 9. Qc2 Bb7 10. Bf4 Nc6 11. Rd1 Nb4 12. Qc1 Qc8 13. Nbd2 Nfd5 14. Ne4 Nxf4 15. Qxf4 Nd5 16. Qc1 Nf6 17. Nc5 Bd5 18. Qc2 Bxc5 19. Qxc5 Qb7 20. Ne1 Rfd8 21. Rac1 Bxg2 22. Nxg2 Qe4 23. e3 Nd5 24. Qc6 Qf5 25. a3 h6 26. Nf4 Nxf4 27. exf4 Qh3 28. Qxc7 Rd5 29. Rc5 Rad8 30. Rxd5 Rxd5 31. Qc8+ Kh7 32. Qc2+ g6 33. Qe4 Kg7 34. Rc1 Qh5 35. Kg2 a5 36. Rc7 a4 37. Qxe6 Qf5 38. Qxf5 gxf5 39. Rb7 Kg6 40. Kf3 Rxd4 41. Rxb5 Rd2 42. Rb4 Rc2 43. Kg2 Rd2 44. Rb6+ f6 45. Rb4 Rc2 46. Rxa4 Rxb2 47. Ra8 Ra2 48. a4 Ra3 49. a5 Kh7 50. a6 Kg7 51. f3 Ra2+ 52. Kh3 Ra3 53. Kh4 Kg6 54. h3 Ra4 55. g4 Ra1 56. Kg3 Ra2 57. h4 Ra4 58. h5+ Kg7 59. Ra7+ Kg8 60. Kf2 fxg4 61. fxg4 Rxf4+ 62. Ke3 Ra4 63. Kd3 Kh8 64. Kc3 Kg8 65. Kb3 Ra1 66. Kc4 Ra5 67. Kb4 Ra1 68. Kc5 Ra5+ 69. Kb6 Ra4 70. Rb7 Rb4+ 71. Ka5 1-0

[Event "CAT-chT Honor Division 2019"]
[Site "Catalonia"]
[Date "2019.02.02"]
[Round "3"]
[White "Castellet Giralt, Gabriel"]
[Black "Campins Machado, Francesc"]
[Result "1-0"]
[ECO "E00"]
[WhiteElo "2217"]
[BlackElo "2109"]
[Annotator "NA RC"]
[PlyCount "169"]
[EventDate "2019.01.16"]
[EventType "team-tourn"]
[EventCountry "ESP"]
[SourceTitle "playchess.com"]
[Source "ChessBase"]
[SourceQuality "1"]
[WhiteTeam "Cerdanyola"]
[BlackTeam "Sant Josep Badalona"]
[TimeControl "5400+30"]

1. d4 Nf6 2. c4 e6 3. Nc3 Bb4 4. e3 O-O 5. Nge2 b6 6. a3 Bxc3+ 7. Nxc3 Bb7 8. Bd3 d6 9. O-O c5 10. d5 a6 11. a4 Nbd7 12. f4 exd5 13. cxd5 Re8 14. e4 c4 15. Bc2 Qc7 16. Be3 Rad8 17. Qf3 Nc5 18. Bd4 Qe7 19. Rae1 h6 20. Qg3 Nh5 21. Qh3 Nf6 22. Qg3 Nh5 23. Qf3 Nf6 24. Re3 Bc8 25. h3 Bb7 26. Rfe1 Ba8 27. Qe2 Rc8 28. Qf3 Qd8 29. Rf1 Qe7 30. Qd1 Rcd8 31. Rg3 Ncd7 32. Qf3 Nc5 33. e5 dxe5 34. fxe5 Nxd5 35. Qf5 Nd3 36. Bxd3 cxd3 37. Ne4 Qe6 38. Qf2 Kf8 39. Nd6 Re7 40. Rf3 Rdd7 41. Qh4 d2 42. Qf2 Nb4 43. Rc3 Nc6 44. Qxd2 Qd5 45. Qf4 Kg8 46. Nf5 Nxd4 47. Nxe7+ Rxe7 48. Qg4 Bc6 49. Rd1 Rd7 50. Rcd3 Qxe5 51. Rxd4 Qe3+ 52. Kh1 Rxd4 53. Rxd4 Qe1+ 54. Kh2 Qe5+ 55. Qf4 Qxf4+ 56. Rxf4 Kf8 57. Rc4 Bd7 58. Rb4 b5 59. a5 Ke7 60. Rd4 Bc6 61. Kg3 g6 62. Kf2 h5 63. g3 Bb7 64. Ke3 Bg2 65. h4 Bc6 66. b4 Bb7 67. Rd2 Bc6 68. Kf4 f6 69. Rd1 Bd7 70. Ke4 Bc6+ 71. Kd4 Kd6 72. Rf1 f5 73. Rc1 Bd7 74. Rc5 Be6 75. Re5 Bf7 76. Re1 Be6 77. Rc1 Bd7 78. Rc2 Be6 79. Rc5 Bd7 80. Rd5+ Kc6 81. Ke5 Be8 82. Rc5+ Kd7 83. Kf6 Kd8 84. Rd5+ Kc7 85. Re5 1-0

[Event "CAT-chT Honor Division 2019"]
[Site "Catalonia"]
[Date "2019.02.02"]
[Round "3"]
[White "Campos Cayuelas, Adria"]
[Black "Garcia Marin, Guillem"]
[Result "0-1"]
[ECO "C43"]
[WhiteElo "2165"]
[BlackElo "2067"]
[Annotator "NA RC"]
[PlyCount "60"]
[EventDate "2019.01.16"]
[EventType "team-tourn"]
[EventCountry "ESP"]
[SourceTitle "playchess.com"]
[Source "ChessBase"]
[SourceQuality "1"]
[WhiteTeam "Colon Sabadell"]
[BlackTeam "Mollet"]
[TimeControl "5400+30"]

1. e4 e5 2. Nf3 Nf6 3. d4 Nxe4 4. Bd3 d5 5. Nxe5 Nd7 6. Nxd7 Bxd7 7. O-O Bd6 8. c4 c6 9. Nc3 Nxc3 10. bxc3 O-O 11. cxd5 cxd5 12. Qh5 g6 13. Qxd5 Qc7 14. Bd2 Bxh2+ 15. Kh1 Bd6 16. Qg5 Rfe8 17. Rfe1 Be6 18. Rab1 Bxa2 19. Rxe8+ Rxe8 20. Qb5 Qe7 21. Bg5 Qe6 22. Ra1 a6 23. Qb2 Bd5 24. f3 b5 25. Kg1 Bc7 26. Qa3 Bg3 27. Qc5 Bxf3 28. c4 Be2 29. d5 Qe5 30. Bxe2 Qxa1+ 0-1

[Event "CAT-chT Honor Division 2019"]
[Site "Catalonia"]
[Date "2019.02.02"]
[Round "3"]
[White "Bals Hernandez, Jordi"]
[Black "Ayas Fernandez, Antonio"]
[Result "0-1"]
[ECO "E49"]
[WhiteElo "2139"]
[BlackElo "2253"]
[Annotator "NA RC"]
[PlyCount "50"]
[EventDate "2019.01.16"]
[EventType "team-tourn"]
[EventCountry "ESP"]
[SourceTitle "playchess.com"]
[Source "ChessBase"]
[SourceQuality "1"]
[WhiteTeam "Mollet"]
[BlackTeam "Colon Sabadell"]
[TimeControl "5400+30"]

1. d4 Nf6 2. c4 e6 3. Nc3 Bb4 4. f3 d5 5. a3 Bxc3+ 6. bxc3 c5 7. cxd5 exd5 8. e3 O-O 9. Bd3 Nc6 10. Ne2 Re8 11. O-O b6 12. Nf4 c4 13. Bc2 Na5 14. Rb1 Bb7 15. g4 h6 16. h4 Rc8 17. Qe1 g6 18. h5 g5 19. Ne2 Rc7 20. Ng3 Bc8 21. a4 Rce7 22. Qf2 Nb3 23. Bxb3 cxb3 24. Rxb3 Qc7 25. Qe2 Qxg3+ 0-1

[Event "CAT-chT Honor Division 2019"]
[Site "Catalonia"]
[Date "2019.02.02"]
[Round "3"]
[White "Guasch Sariol, Jaume"]
[Black "Barcelo Sola, David"]
[Result "0-1"]
[ECO "D06"]
[WhiteElo "2085"]
[BlackElo "1991"]
[Annotator "NA RC"]
[PlyCount "58"]
[EventDate "2019.01.16"]
[EventType "team-tourn"]
[EventCountry "ESP"]
[SourceTitle "playchess.com"]
[Source "ChessBase"]
[SourceQuality "1"]
[WhiteTeam "Cerdanyola"]
[BlackTeam "Sant Josep Badalona"]
[TimeControl "5400+30"]

1. d4 d5 2. c4 c5 3. e3 e6 4. Nf3 Nf6 5. Nc3 Nc6 6. Be2 Be7 7. O-O O-O 8. a3 b6 9. Re1 Bb7 10. cxd5 exd5 11. Bd3 Re8 12. Bd2 Bf8 13. Rc1 c4 14. Bb1 a6 15. Ne2 b5 16. Ng3 a5 17. a4 b4 18. e4 dxe4 19. Nxe4 Nxd4 20. Nxf6+ Qxf6 21. Nxd4 Qxd4 22. Qc2 g6 23. Be3 Qd5 24. f3 Rxe3 25. Rxe3 Bc5 26. Qe2 Re8 27. Be4 Rxe4 28. fxe4 Qxe4 29. Kf2 Qf4+ 0-1

[Event "CAT-chT Honor Division 2019"]
[Site "Catalonia"]
[Date "2019.02.09"]
[Round "4.1"]
[White "Alonso Rosell, Alvar"]
[Black "Movsziszian, Karen"]
[Result "1-0"]
[ECO "A41"]
[WhiteElo "2559"]
[BlackElo "2485"]
[Annotator "ChessBase"]
[PlyCount "79"]
[EventDate "2019.01.16"]
[EventType "team-tourn"]
[EventCountry "ESP"]
[SourceTitle "playchess.com"]
[Source "ChessBase"]
[SourceQuality "1"]
[WhiteTeam "Gerunda"]
[BlackTeam "Sant Andreu"]
[TimeControl "5400+30"]

1. d4 d6 2. Nf3 g6 3. g3 Bg7 4. Bg2 Nf6 5. O-O O-O 6. b3 c6 7. Bb2 a5 8. a4 Ne4 9. Nfd2 Nxd2 10. Nxd2 d5 11. e4 dxe4 12. Nxe4 Na6 13. c3 Be6 14. Re1 Re8 15. Nd2 Qc7 16. h4 Rad8 17. Rxe6 fxe6 18. h5 e5 19. hxg6 exd4 20. gxh7+ Kh8 21. cxd4 e5 22. Nf3 exd4 23. Nh4 Kxh7 24. Qh5+ Kg8 25. Bf1 Nb4 26. Bc4+ Nd5 27. Nf5 Re5 28. Qg6 Rxf5 29. Qxf5 Qe5 30. Qg6 Rd6 31. Qg4 Kf7 32. Rd1 c5 33. Bc1 Ke7 34. Bxd5 Rxd5 35. Bf4 Qf6 36. Qc8 Qc6 37. Qg8 Be5 38. Bg5+ Kd6 39. f4 Qd7 40. fxe5+ 1-0

[Event "CAT-chT Honor Division 2019"]
[Site "Catalonia"]
[Date "2019.02.09"]
[Round "4.2"]
[White "Peralta, Fernando"]
[Black "Gual Pascual, Antonio"]
[Result "1/2-1/2"]
[ECO "D19"]
[WhiteElo "2580"]
[BlackElo "2362"]
[Annotator "ChessBase"]
[PlyCount "95"]
[EventDate "2019.01.16"]
[EventType "team-tourn"]
[EventCountry "ESP"]
[SourceTitle "playchess.com"]
[Source "ChessBase"]
[SourceQuality "1"]
[WhiteTeam "Escola Escacs BCN"]
[BlackTeam "Cerdanyola Valles"]
[TimeControl "5400+30"]

1. d4 d5 2. c4 c6 3. Nf3 Nf6 4. Nc3 dxc4 5. a4 Bf5 6. e3 e6 7. Bxc4 Bb4 8. O-O Nbd7 9. Qe2 Bg6 10. e4 O-O 11. Bd3 Bh5 12. e5 Nd5 13. Nxd5 cxd5 14. Qe3 Re8 15. Bd2 Qa5 16. Qe1 Bxd2 17. Qxd2 Qxd2 18. Nxd2 Nb8 19. Bb5 Nc6 20. Rfc1 Rab8 21. Nb3 a6 22. Bf1 f6 23. exf6 gxf6 24. Rc5 Re7 25. f3 Be8 26. Rc3 e5 27. Rd1 Rd8 28. Kf2 Nb4 29. a5 Ba4 30. Rd2 Bxb3 31. Rxb3 Nc6 32. dxe5 fxe5 33. Rc3 e4 34. fxe4 Rf8+ 35. Rf3 dxe4 36. Rxf8+ Kxf8 37. Ke3 Nxa5 38. Rd4 Rc7 39. Ra4 Rc1 40. Be2 Nc6 41. Rxe4 Rb1 42. Rh4 Rxb2 43. Rxh7 a5 44. Bf3 a4 45. Bxc6 bxc6 46. Ra7 Rxg2 47. Rxa4 Rxh2 48. Ke4 1/2-1/2

[Event "CAT-chT Honor Division 2019"]
[Site "Catalonia"]
[Date "2019.02.09"]
[Round "4.2"]
[White "Cruz, Jonathan"]
[Black "Prie, Eric"]
[Result "0-1"]
[ECO "B01"]
[WhiteElo "2415"]
[BlackElo "2459"]
[Annotator "ChessBase"]
[PlyCount "39"]
[EventDate "2019.01.16"]
[EventType "team-tourn"]
[EventCountry "ESP"]
[SourceTitle "playchess.com"]
[Source "ChessBase"]
[SourceQuality "1"]
[WhiteTeam "Sant Andreu"]
[BlackTeam "Gerunda"]
[TimeControl "5400+30"]

1. e4 d5 2. Nc3 dxe4 3. Nxe4 Qd5 4. Nc3 Qa5 5. Bc4 Nf6 6. Nge2 Bg4 7. O-O e6 8. Qe1 Nbd7 9. d3 Nb6 10. Bb3 Bxe2 11. Qxe2 O-O-O 12. a4 a6 13. Ne4 h6 14. Ng3 h5 15. Bd2 Bb4 16. c3 Bd6 17. Ne4 Nxe4 18. Qxe4 Nd7 19. Bc4 Qe5 20. Qh4 0-1

[Event "CAT-chT Honor Division 2019"]
[Site "Catalonia"]
[Date "2019.02.09"]
[Round "4.3"]
[White "Valle Maytin, Luis Enrique"]
[Black "Cruz, Filemon"]
[Result "1/2-1/2"]
[ECO "A46"]
[WhiteElo "2285"]
[BlackElo "2303"]
[Annotator "NA"]
[PlyCount "36"]
[EventDate "2019.01.16"]
[EventType "team-tourn"]
[EventCountry "ESP"]
[SourceTitle "playchess.com"]
[Source "ChessBase"]
[SourceQuality "1"]
[WhiteTeam "Gerunda"]
[BlackTeam "Sant Andreu"]
[TimeControl "5400+30"]

1. d4 Nf6 2. Nf3 e6 3. c4 b6 4. g3 Ba6 5. Nbd2 c5 6. Bg2 Bb7 7. dxc5 Bxc5 8. O-O O-O 9. b3 d5 10. cxd5 Bxd5 11. Bb2 Nbd7 12. Rc1 Qe7 13. Qc2 Rac8 14. Qb1 b5 15. Rfd1 a6 16. Qa1 Rfd8 17. e3 h6 18. Rc2 Rc7 1/2-1/2

[Event "CAT-chT Honor Division 2019"]
[Site "Catalonia"]
[Date "2019.02.09"]
[Round "4.4"]
[White "Dominguez Pons, Eric"]
[Black "Mayo Casademont, Marti"]
[Result "1-0"]
[ECO "B12"]
[WhiteElo "2383"]
[BlackElo "2284"]
[Annotator "NA"]
[PlyCount "101"]
[EventDate "2019.01.16"]
[EventType "team-tourn"]
[EventCountry "ESP"]
[SourceTitle "playchess.com"]
[Source "ChessBase"]
[SourceQuality "1"]
[WhiteTeam "Sant Andreu"]
[BlackTeam "Gerunda"]
[TimeControl "5400+30"]

1. e4 c6 2. d4 d5 3. e5 Bf5 4. c3 e6 5. Be3 Qb6 6. Qb3 Nd7 7. Nd2 Ne7 8. Be2 {[%emt 0:27:31] B12: Caro-Kann: Advance Variation} (8. f4 h5 9. Ngf3 h4 10. Be2 h3 11. g3 Bg4 12. Qxb6 Nxb6 13. Ng5 Nf5 14. Kf2 Bxe2 15. Kxe2 Rc8 {½-½ (33) Coleman,P (2595)-Raykin,L (2609) ICCF email 2005}) 8... Qxb3 9. axb3 $146 ({Predecessor:} 9. Nxb3 f6 10. f4 h5 11. Nf3 Nc8 12. O-O Ncb6 13. Nh4 g6 14. Nxf5 gxf5 15. Rf2 O-O-O {1-0 (55) Pita Romero Rodriguez,R (2042)-Varela Guerrero,D Oropesa del Mar 2001}) 9... c5 10. f4 cxd4 11. Bxd4 Nc6 12. Ngf3 Bc5 13. Bf2 Bxf2+ 14. Kxf2 Nc5 15. Ke3 f6 16. Bb5 O-O 17. exf6 gxf6 18. Bxc6 bxc6 19. Nd4 Rfc8 20. b4 Nd7 21. Ra6 Nb8 22. Ra5 Bg6 23. Rha1 e5 24. Ne6 Kf7 25. Nc5 Rc7 26. Nf3 Re7 27. g4 exf4+ 28. Kxf4 h5 29. h3 hxg4 30. hxg4 a6 31. Nxa6 Nd7 32. Nc5 Rae8 33. Ra7 Nxc5 34. bxc5 Kg8 35. Rxe7 Rxe7 36. Nd4 Re4+ 37. Kf3 Be8 38. Ra8 Kh7 39. Nf5 Bg6 40. Ra7+ Kh8 41. Nd4 Be8 42. Rc7 Re1 43. Nxc6 Bg6 44. Nd4 Be4+ 45. Kf2 Rh1 46. Rb7 Rh2+ 47. Ke3 Rg2 48. c6 Rxg4 49. c7 Rg3+ 50. Kf4 Rg8 51. Rb8 1-0